 Dungeon Crawl Stone Soup version 0.20.0-15-g7f486f2 (webtiles) character file.

229001 Chiseanne the Warrior (level 18, 0/160 HPs)
             Began as a Demonspawn Wanderer on June 22, 2017.
             Was a High Priest of Okawaru.
             Killed from afar by a lindwurm (glowing shapeshifter) (14 damage)
             ... with a blast of flame
             ... on level 3 of the Depths on June 24, 2017.
             The game lasted 02:31:55 (34137 turns).

Chiseanne the Warrior (Demonspawn Wanderer)        Turns: 34137, Time: 02:31:55

Health: 0/160      AC: 33    Str: 17    XL:     18   Next: 72%
Magic:  0/27       EV: 22    Int: 22    God:    Okawaru [*****.]
Gold:   500        SH:  0    Dex: 22    Spells: 15/17 levels left

rFire    . . .     SeeInvis .   a - +3 battleaxe (freeze)
rCold    + + +     Gourm    .   (shield currently unavailable)
rNeg     . . .     Faith    .   C - +0 ice dragon scales of Lelosaryc {rF- rC++ MR+ Str+2}
rPois    .         Spirit   +   (helmet unavailable)
rElec    .         Reflect  .   E - +0 cloak
rCorr    .         Harm     .   V - +2 pair of gloves {Dex+3} {god gift}
MR       ++...     Clarity  +   (no boots)
Stlth    +.........             t - amulet of guardian spirit
Regen    0.8/turn               Z - ring of Syndicalism {rF+ Int+7}
MPRegen  0.2/turn               p - ring of Robustness {AC+8}

@: about to teleport, very slightly contaminated
A: horns 3, icy blue scales 3, agile 1, clarity, cold resistance 1, foul stench
2, powered by pain 2, regeneration 1, shaggy fur 1, rot immunity
}: 1/15 runes: decaying
a: Heroism, Finesse, Renounce Religion


You were on level 3 of the Depths.
You worshipped Okawaru.
Okawaru was extremely pleased with you.
You were not hungry.

You visited 5 branches of the dungeon, and saw 30 of its levels.
You also visited: Labyrinth, Sewer and Ice Cave.

You collected 3771 gold pieces.
You spent 3271 gold pieces at shops.

Inventory:

Hand Weapons
 a - a +3 battleaxe of freezing (weapon)
 d - the +4 morningstar "Kilusafi" {flame, rC+ MR+ Str+2}
   (You bought it in a shop on level 6 of the Dungeon)

   It has been specially enchanted to burn those struck by it, causing extra
   injury to most foes and up to half again as much damage against particularly
   susceptible opponents.
   It affects your strength (+2).
   It protects you from cold.
   It affects your resistance to hostile enchantments.
 e - a +0 blowgun
 l - a +5 broad axe of flaming
 m - a +1 arbalest of freezing
 n - a +0 dire flail of protection
 s - a +2 battleaxe of electrocution {god gift}
 w - a +2 hand crossbow of velocity
 B - a +5 broad axe of flaming
Missiles
 b - 880 bolts
 j - a throwing net (quivered) {!*}
 k - 3 curare-tipped needles {!*}
Armour
 C - the +0 ice dragon scales of Lelosaryc (worn) {rF- rC++ MR+ Str+2}
   (You found it in an ice cave)

   It affects your strength (+2).
   It makes you vulnerable to fire.
   It greatly protects you from cold.
   It affects your resistance to hostile enchantments.
 E - a +0 cloak (worn)
 S - the scarf of Vlad {god gift, rPois rF+}
   (Okawaru gifted it to you in an ice cave)

   It protects you from fire.
   It protects you from poison.
 V - a +2 pair of gloves of dexterity (worn) {god gift}
Jewellery
 c - an uncursed ring of resist corrosion
 h - the ring "Kauxzaf" {rC+ rN+}
   (You found it on level 2 of the Depths)

   [ring of positive energy]

   It protects you from cold.
   It protects you from negative energy.
 p - the ring of Robustness (right hand) {AC+8}
   (You bought it in a shop on level 9 of the Dungeon)

   [ring of protection]

   It affects your AC (+8).
 r - a +6 amulet of reflection
 t - an amulet of guardian spirit (around neck)
 Z - the ring of Syndicalism (left hand) {rF+ Int+7}
   (You found it on level 6 of the Lair of Beasts)

   [ring of protection from fire]

   It affects your intelligence (+7).
   It protects you from fire.
Wands
 i - a wand of lightning (5/15)
 M - a wand of digging (17/24)
Scrolls
 x - 7 scrolls of identify
 z - 16 scrolls of remove curse
 H - 4 scrolls of fear
 J - 2 scrolls of silence
 Q - 4 scrolls of magic mapping
Potions
 q - 2 potions of resistance
 D - a potion of ambrosia
 G - 11 potions of curing
 L - 3 potions of cancellation
 O - 3 potions of heal wounds
 R - 2 potions of berserk rage
 U - a potion of invisibility
 W - 3 potions of flight
Miscellaneous
 o - a lamp of fire
 y - a fan of gales
 X - a phantom mirror
Comestibles
 f - 10 chunks of flesh
 u - 18 royal jellies
 v - 12 meat rations
 A - 14 bread rations


   Skills:
 * Level 19.2 Fighting
 - Level 10.0 Axes
 - Level 1.7 Crossbows
 * Level 15.5 Armour
 - Level 15.8 Dodging
 - Level 1.0 Stealth
 - Level 12.0 Invocations
 - Level 2.0 Evocations


You had 15 spell levels left.
You knew the following spells:

 Your Spells              Type           Power        Failure   Level  Hunger
a - Blink                 Tloc           N/A          56%         2    ###....


Dungeon Overview and Level Annotations

Branches:
Dungeon (15/15)            Temple (0/1) D:5            Lair (6/6) D:8
  Swamp (4/4) Lair:2       Spider (0/4) Lair:3        Slime (0/5) Lair:6
    Orc (2/2) D:10            Elf (0/3) Orc:2        Vaults (0/5) D:14
 Depths (3/5) D:15

Altars:
Hepliaklqana
Okawaru
Qazlal
Trog
Vehumet
Xom
The Shining One
Beogh

Shops:
D:4 :   D:6 *   D:9 =   D:10 :   D:13 !   Orc:2 (?=*   Depths:2 !

Portals:
Hell: Depths:1 Depths:2 Depths:3
Abyss: Depths:1
Pandemonium: Depths:2 Depths:3

Annotations:
Lair:4 exclusion: 4 oklob plants
Swamp:2 exclusion: Roxanne, Roxanne
Swamp:3 exclusion: upstairs
Swamp:4 Lernaean hydra
Depths:1 2 transporters, exclusion: orange crystal statue
Depths:2 exclusion: door


Innate Abilities, Weirdness & Mutations

You have a pair of large horns on your head.
You are completely covered in icy blue scales. (AC +4, rC+)
Your flesh is cold resistant. (rC+)
You frequently emit foul miasma when damaged in melee.
You sometimes gain power by taking damage.
You are immune to rotting.
You are agile. (Dex +2)
You possess an exceptional clarity of mind.
Your natural rate of healing is unusually fast.
You are covered in fur. (AC +1)


Message History

As you read the scroll of blinking, it crumbles to dust.
A komodo dragon and an ice dragon come into view.
The slime creature quivers. x2
The frost giant shouts!
The komodo dragon hisses angrily.
The ice dragon roars deafeningly! x2
The komodo dragon changes into a lindwurm!
The slime creature jiggles.
The slime creature misses you.
The frost giant points at you and mumbles some strange words.
The bolt of cold hits you! You resist.
* * * LOW HITPOINT WARNING * * *
Blink to where?
Press: ? - help, Dir - move target cursor
As you read the scroll of blinking, it crumbles to dust.
As you read the scroll of teleportation, it crumbles to dust.
You feel strangely unstable.
A slime creature suddenly becomes a large slime creature.
The lindwurm breathes flames at you. The blast of flame hits you!
You die...

###########
..........###
..R#......#.##
..###........# #
)###.#......##.##
#R.#..#.........#
L2.#....JD.....###
...#...C.......#@#
#####....J........#
LD.#$....C.......##
.2##.......#......
.###.#.....D......
##.#......#..k.....
....C....$.#..#....
.}}.....#..#...#...#
.}(?......$#....


You could see a frost giant, an ice dragon, a large slime creature and a
lindwurm shaped shifter.

Vanquished Creatures
  A juggernaut (Depths:2)
  A caustic shrike (Depths:3)
  A golden dragon (Depths:2)
  2 tentacled monstrosities (Depths:2)
  Frances (Swamp:2)
  2 sphinxes
  2 shadow dragons
  A tengu reaver (Depths:3)
  7 frost giants
  2 fire giants
  2 orc warlords
  A spriggan defender (Depths:2)
  6 very ugly things
  An entropy weaver (Depths:3)
  9 stone giants
  A vampire knight (Depths:2)
  5 dire elephants
  3 spark wasps
  Snorg (Orc:1)
  5 ettins
  4 jiangshi (Depths:3)
  A minotaur (Lab)
  6 ogre magi
  Fannar (Lair:3)
  5 fire dragons
  7 great orbs of eyes
  6 rakshasas
  17 hydras
  An ice dragon (Depths:2)
  A death knight (D:15)
  9 centaur warriors
  14 two-headed ogres
  2 alligators (Swamp:4)
  4 deep troll earth magi (Depths:2)
  3 deep troll shamans (Depths:2)
  3 vampire magi (Depths:3)
  A spriggan berserker (Depths:3)
  2 tengu warriors
  9 hell knights
  5 iron trolls (Depths:2)
  A spriggan druid (Swamp:4)
  6 wizards
  4 spark wasp zombies (Depths:3)
  An unseen horror (D:12)
  A flayed ghost (Depths:3)
  12 deep trolls
  7 swamp dragons
  6 glowing orange brains
  A phantasmal warrior (Depths:2)
  Pikel (D:3)
  4 orc knights
  A wolf spider zombie (D:15)
  A lindwurm (Lair:6)
  A wolf spider (shapeshifter) (Depths:2)
  8 necromancers
  The ghost of JarielCorvus the Thaumaturge, a novice DEWz of Vehumet (D:8)
  A cyclops (shapeshifter) (Depths:3)
  2 manticores
  A deep elf mage (D:11)
  20 ugly things
  2 salamanders (Depths:2)
  A shining eye (shapeshifter) (Depths:3)
  4 cyclopes
  A manticore (shapeshifter) (Depths:2)
  9 elephants
  13 black mambas
  Maurice (Orc:2)
  Joseph (D:7)
  11 spiny frogs
  An eye of devastation (shapeshifter) (Depths:3)
  A torpor snail (Lair:5)
  3 molten gargoyles (Lair:6)
  A gargoyle (D:14)
  A rime drake (Lair:1)
  10 komodo dragons
  19 yaktaurs
  A redback zombie (D:15)
  2 kobold demonologists
  3 tengu conjurers
  2 ice devils (Lair:2)
  2 meliai (shapeshifter)
  A wind drake (shapeshifter) (Depths:3)
  7 jumping spiders (Lair:3)
  7 trolls
  A tyrant leech (Lair:2)
  2 polar bears
  A jumping spider (shapeshifter) (Depths:2)
  A yaktaur skeleton (Depths:1)
  27 blink frogs
  15 slime creatures
  A wolf spider simulacrum (D:14)
  A deep troll zombie (Depths:1)
  2 bog bodies
  A hippogriff (shapeshifter) (Depths:2)
  A fire giant simulacrum (Depths:1)
  7 hippogriffs
  A redback (shapeshifter) (Depths:2)
  4 shadows
  Sigmund (D:2)
  3 vampires
  3 redbacks (Lair:3)
  24 yaks
  5 wraiths (D:11)
  7 wyverns
  2 fire elementals
  2 hungry ghosts
  4 fire bats (Depths:2)
  A steam dragon (Lair:6)
  A golden eye (shapeshifter) (Depths:2)
  6 vampire mosquitoes
  5 basilisks
  3 wargs
  4 acid dragons
  6 insubstantial wisps
  10 swamp worms
  3 hell hounds (Lair:6)
  17 water moccasins
  11 porcupines
  46 orc warriors
  4 swamp drakes (Swamp:4)
  11 ice beasts
  3 sky beasts
  An eye of draining (D:13)
  A slave (D:4)
  14 boggarts (Depths:2)
  A necrophage (D:11)
  7 black bears
  A hornet zombie (D:10)
  15 ogres
  2 phantoms
  20 centaurs
  An ogre (shapeshifter) (Depths:2)
  A tengu (shapeshifter) (Depths:2)
  9 crocodiles
  4 wolves
  6 big kobolds
  18 bullfrogs
  A gnoll sergeant (D:8)
  2 wyvern zombies
  4 scorpions
  22 killer bees
  8 wights
  11 howler monkeys
  2 electric eels
  8 crimson imps
  5 lava snakes (Lair:6)
  2 bullfrog zombies (D:11)
  A quasit (D:12)
  5 centaur zombies
  A bullfrog skeleton (D:12)
  6 hounds
  27 orc priests
  5 centaur skeletons
  4 jellies
  An iron imp (Depths:2)
  9 worker ants
  4 iguanas
  37 orc wizards
  7 gnolls
  10 adders
  2 howler monkey skeletons
  6 river rats
  6 shadow imps
  4 oozes
  A worm (D:3)
  An adder skeleton (D:5)
  3 dart slugs
  8 leopard geckos
  108 orcs
  9 ball pythons
  4 bats
  5 giant cockroaches
  3 goblins (D:3)
  2 hobgoblins
  14 jackals
  24 kobolds
  5 quokkas
  13 frilled lizards
  A jackal skeleton (D:5)
  A quokka skeleton (D:3)
  10 rats
  4 fungi
  A plant (Lair:6)
1104 creatures vanquished.

Vanquished Creatures (collateral kills)
  A blink frog (Lair:6)
  A queen bee (D:8)
  A killer bee (D:8)
3 creatures vanquished.

Vanquished Creatures (others)
  A yaktaur captain (Depths:2)
  A vampire mage (Depths:2)
  A swamp dragon (Swamp:3)
  A phantasmal warrior (Depths:2)
  A killer bee (D:8)
  A hippogriff (Lair:6)
  2 blink frogs (Lair:6)
  A water moccasin (Lair:6)
  An ogre (D:4)
  A lava snake (D:11)
  Terence (D:5)
  An orc (Orc:2)
  34 fungi
  16 plants
63 creatures vanquished.

Grand Total: 1170 creatures vanquished

Notes
Turn   | Place    | Note
-------+----------+-------------------------------------------
     0 | D:1      | Chiseanne the Demonspawn Wanderer began the quest for the Orb.
     0 | D:1      | Chiseanne set off with: a +2 hand crossbow, 28 bolts, a +0 falchion, a potion of curing, a +0 robe, a bread ration
     0 | D:1      | Reached XP level 1. HP: 19/19 MP: 2/2
   557 | D:1      | Gained mutation: You have a pair of small horns on your head. [demonic ancestry]
   557 | D:1      | Reached XP level 2. HP: 25/25 MP: 3/3
  1153 | D:2      | Noticed Sigmund
  1159 | D:2      | Killed Sigmund
  1159 | D:2      | Reached skill level 5 in Fighting
  1159 | D:2      | Reached XP level 3. HP: 14/33 MP: 4/4
  1159 | D:2      | Gained mutation: You are partially covered in icy blue scales. (AC +2) [demonic ancestry]
  1159 | D:2      | Reached XP level 4. HP: 17/39 MP: 5/5
  1159 | D:2      | Gained mutation: You are immune to rotting. [demonic ancestry]
  1159 | D:2      | Reached XP level 5. HP: 19/44 MP: 6/6
  1773 | D:2      | Found an iron altar of Okawaru.
  1844 | D:2      | Became a worshipper of Warmaster Okawaru
  1982 | D:3      | Found a stormy altar of Qazlal.
  2400 | D:3      | Noticed Terence
  2545 | D:3      | Gained mutation: You have a pair of horns on your head. [demonic ancestry]
  2545 | D:3      | Reached XP level 6. HP: 52/52 MP: 7/7
  2776 | D:3      | Reached skill level 6 in Fighting
  2895 | D:4      | Found Qexaf's Book Shop.
  2929 | D:4      | Reached skill level 1 in Armour
  2984 | D:4      | Noticed a slave
  3007 | D:4      | Killed a slave
  3074 | D:4      | Noticed Pikel
  3074 | D:4      | Noticed a slave
  3075 | D:4      | Noticed a slave
  3083 | D:4      | Noticed a slave
  3094 | D:3      | Killed Pikel
  3094 | D:3      | Reached * piety under Okawaru
  3094 | D:3      | Reached ** piety under Okawaru
  3094 | D:3      | Gained mutation: You are mostly covered in icy blue scales. (AC +3) [demonic ancestry]
  3094 | D:3      | Reached XP level 7. HP: 33/59 MP: 8/8
  3323 | D:4      | Reached skill level 7 in Fighting
  3323 | D:4      | Reached skill level 1 in Invocations
  3525 | D:4      | Reached skill level 5 in Dodging
  3696 | D:4      | Reached XP level 8. HP: 57/67 MP: 9/9
  4336 | D:5      | Entered Level 5 of the Dungeon
  4457 | D:5      | Killed Terence
  4846 | D:5      | Found a staircase to the Ecumenical Temple.
  5278 | D:6      | Found Xeixto Kaup's Assorted Antiques.
  5414 | D:6      | Reached *** piety under Okawaru
  5437 | D:6      | Reached skill level 5 in Invocations
  5526 | D:6      | Reached skill level 8 in Fighting
  5526 | D:6      | Gained mutation: You may emit foul miasma when damaged in melee. [demonic ancestry]
  5526 | D:6      | Reached XP level 9. HP: 62/74 MP: 11/13
  5608 | D:6      | Found a glowing drain.
  5625 | Sewer    | Entered a sewer
  6521 | D:6      | Reached skill level 5 in Armour
  6565 | D:6      | Bought a scroll of identify for 62 gold pieces
  6565 | D:6      | Bought a crude morningstar for 279 gold pieces
  6592 | D:6      | Identified the +4 morningstar "Kilusafi" {flame, rC+ MR+ Str+2} (You bought it in a shop on level 6 of the Dungeon)
  6593 | D:6      | Bought a scroll of identify for 62 gold pieces
  6625 | D:7      | Noticed Joseph
  6635 | D:7      | Killed Joseph
  7247 | D:7      | Found a bloodstained altar of Trog.
  7250 | D:7      | Reached **** piety under Okawaru
  7340 | D:7      | You fall through a shaft for 3 floors!
  7340 | D:10     | Entered Level 10 of the Dungeon
  7359 | D:10     | Found Neovvues's Book Boutique.
  7373 | D:10     | Noticed a troll
  7376 | D:10     | Reached skill level 9 in Fighting
  7387 | D:10     | Killed a troll
  7387 | D:10     | Gained mutation: You sometimes gain a little power by taking damage. [demonic ancestry]
  7387 | D:10     | Reached XP level 10. HP: 38/83 MP: 15/15
  7728 | D:10     | Reached ***** piety under Okawaru
  7824 | D:9      | Noticed a two-headed ogre
  7831 | D:9      | Killed a two-headed ogre
  8329 | D:8      | Noticed JarielCorvus's ghost (novice DEWz)
  8356 | D:8      | Killed JarielCorvus's ghost
  8438 | D:8      | Found a staircase to the Lair.
  8738 | D:8      | Received a gift from Okawaru
  8738 | D:8      | Gained mutation: You frequently emit foul miasma when damaged in melee. [demonic ancestry]
  8738 | D:8      | Reached XP level 11. HP: 90/90 MP: 18/18
  8755 | D:8      | Got a smoking plate armour {god gift}
  8794 | D:8      | Identified the +9 plate armour of Purpose {god gift, Dex+2} (Okawaru gifted it to you on level 8 of the Dungeon)
  8841 | D:8      | Reached skill level 10 in Fighting
  8928 | D:8      | Reached skill level 10 in Invocations
  9001 | D:8      | Found a radiant altar of Vehumet.
  9236 | Lair:1   | Entered Level 1 of the Lair of Beasts
  9264 | Lair:1   | Noticed a four-headed hydra
  9276 | Lair:1   | Killed a four-headed hydra
 10415 | Lair:2   | Found a staircase to the Swamp.
 10472 | Lair:2   | Found a frozen archway.
 10481 | IceCv    | Entered an ice cave
 10486 | IceCv    | Received a gift from Okawaru
 10494 | IceCv    | Got a brightly glowing scarf {god gift}
 10501 | IceCv    | Identified the scarf of Vlad {god gift, rPois rF+} (Okawaru gifted it to you in an ice cave)
 10547 | IceCv    | Noticed a white ugly thing
 10560 | IceCv    | Killed a white ugly thing
 10585 | IceCv    | Noticed a white ugly thing
 10589 | IceCv    | Got ichor-stained ice dragon scales
 10598 | IceCv    | HP: 4/92 [white ugly thing (38)]
 10600 | IceCv    | Killed a purple ugly thing
 10754 | Lair:2   | Identified the cursed +0 ice dragon scales of Lelosaryc {rF- rC++ MR+ Str+2} (You found it in an ice cave)
 11001 | Lair:2   | Reached skill level 11 in Fighting
 11227 | Lair:2   | Reached XP level 12. HP: 92/100 MP: 20/20
 11611 | Lair:3   | Found a hole to the Spider Nest.
 11611 | Lair:3   | Noticed a seven-headed hydra
 11621 | Lair:3   | Noticed a six-headed hydra
 11855 | Lair:3   | Killed a six-headed hydra
 11855 | Lair:3   | Reached skill level 10 in Dodging
 12261 | Lair:3   | Noticed Fannar
 12293 | Lair:3   | Killed a seven-headed hydra
 12359 | Lair:3   | Killed Fannar
 12878 | Lair:4   | Reached skill level 12 in Fighting
 13567 | Lair:4   | Received a gift from Okawaru
 13919 | Lair:5   | Found a labyrinth entrance.
 13944 | Lab      | Entered a labyrinth
 14090 | Lab      | Noticed a minotaur
 14099 | Lab      | Killed a minotaur
 14361 | Lair:5   | Gained mutation: You have a pair of large horns on your head. [demonic ancestry]
 14361 | Lair:5   | Reached XP level 13. HP: 96/109 MP: 19/22
 15292 | Lair:6   | Entered Level 6 of the Lair of Beasts
 15386 | Lair:6   | Reached skill level 13 in Fighting
 16248 | Lair:6   | Reached ****** piety under Okawaru
 16275 | Lair:6   | Found a staircase to the Slime Pits.
 16300 | Lair:6   | Received a gift from Okawaru
 17006 | Lair:6   | Reached skill level 14 in Fighting
 17319 | Lair:6   | Found a large runed door.
 17334 | Lair:6   | Found a large runed door.
 17387 | Lair:6   | HP: 3/113 [molten gargoyle/bolt of magma (18)]
 17947 | Lair:6   | Gained mutation: You are completely covered in icy blue scales. (AC +4, rC+) [demonic ancestry]
 17947 | Lair:6   | Reached XP level 14. HP: 103/121 MP: 18/23
 18196 | Lair:6   | Got a slimy bronze ring
 18200 | Lair:6   | Identified the ring of Syndicalism {rF+ Int+7} (You found it on level 6 of the Lair of Beasts)
 18353 | Swamp:1  | Entered Level 1 of the Swamp
 18544 | Swamp:2  | Noticed Roxanne
 18562 | Swamp:2  | Noticed Frances
 18587 | Swamp:2  | Gained mutation: You tend to lose your temper in combat. [a neqoxec]
 18591 | Swamp:2  | Killed Frances
 19002 | Swamp:3  | Received a gift from Okawaru
 19002 | Swamp:3  | Reached skill level 15 in Fighting
 19092 | Swamp:4  | Entered Level 4 of the Swamp
 19277 | Swamp:4  | Noticed the 27-headed Lernaean hydra
 19299 | Swamp:4  | HP: 5/123 [alligator (19)]
 19304 | Swamp:4  | Received a gift from Okawaru
 19439 | Swamp:3  | Noticed a thorn hunter
 19491 | Swamp:4  | Received a gift from Okawaru
 19492 | Swamp:4  | Got a transparent cloak {god gift}
 19497 | Swamp:4  | Got a decaying rune of Zot
 19528 | Swamp:3  | Identified the +1 cloak of Qynistriw {god gift, rElec rCorr Int+6} (Okawaru gifted it to you on level 4 of the Swamp)
 19884 | D:9      | Found Aduy's Jewellery Shop.
 19958 | D:9      | Found a shimmering altar of Xom.
 19959 | D:9      | Found a hazy altar of Hepliaklqana.
 20512 | D:10     | Found a staircase to the Orcish Mines.
 20596 | D:10     | Got a warped ring mail
 20597 | D:10     | Identified the cursed +0 ring mail of Impermeability {MR+} (You found it on level 10 of the Dungeon)
 20689 | D:10     | Found a roughly hewn altar of Beogh.
 20948 | Orc:1    | Entered Level 1 of the Orcish Mines
 21249 | Orc:1    | Noticed Snorg
 21272 | Orc:1    | Killed Snorg
 21301 | Orc:1    | Lost mutation: You tend to lose your temper in combat. [potion of mutation]
 21301 | Orc:1    | Gained mutation: You are agile. (Dex +2) [potion of mutation]
 21301 | Orc:1    | Gained mutation: Your natural rate of healing is unusually fast. [potion of mutation]
 21301 | Orc:1    | Gained mutation: You are covered in fur. (AC +1) [potion of mutation]
 21323 | Orc:1    | Found a roughly hewn altar of Beogh.
 21549 | Orc:2    | Entered Level 2 of the Orcish Mines
 21615 | Orc:2    | Noticed an orc warlord
 21820 | Orc:1    | Killed an orc warlord
 22015 | Orc:2    | Found a staircase to the Elven Halls.
 22162 | Orc:2    | Found Xeasherch's Jewellery Shop.
 22162 | Orc:2    | Found Wyifok's Magic Scroll Emporium.
 22164 | Orc:2    | Found Tebooh's Weapon Shoppe.
 22174 | Orc:2    | Found Tuecog's General Store.
 22175 | Orc:2    | Reached skill level 16 in Fighting
 22177 | Orc:2    | Gained mutation: You sometimes gain power by taking damage. [demonic ancestry]
 22177 | Orc:2    | Reached XP level 15. HP: 109/131 MP: 12/24
 22262 | Orc:2    | Bought a scroll of immolation for 52 gold pieces
 22269 | Orc:2    | Bought a potion of flight for 33 gold pieces
 22269 | Orc:2    | Bought a scroll of magic mapping for 38 gold pieces
 22269 | Orc:2    | Bought a scroll of identify for 22 gold pieces
 22533 | Orc:2    | Noticed Maurice
 22624 | Orc:2    | Noticed an orc warlord
 22638 | Orc:2    | Killed an orc warlord
 22836 | Orc:2    | Killed Maurice
 23054 | D:9      | Bought the ring of Robustness {AC+8} for 1920 gold pieces
 23488 | D:11     | Got a fine shield
 23489 | D:11     | Identified the cursed +0 shield of Woler {rPois rC++ Regen+ Slay-4} (You found it on level 11 of the Dungeon)
 23626 | D:11     | Reached skill level 15 in Dodging
 24888 | D:13     | Received a gift from Okawaru
 24993 | D:13     | Learned a level 2 spell: Blink
 25136 | D:13     | Found Wekhlol's Distillery.
 25188 | D:13     | Bought a potion of heal wounds for 55 gold pieces
 25188 | D:13     | Bought a potion of curing for 33 gold pieces
 25188 | D:13     | Bought a potion of curing for 33 gold pieces
 25188 | D:13     | Bought a potion of might for 44 gold pieces
 25188 | D:13     | Bought a potion of might for 44 gold pieces
 26244 | D:14     | Reached skill level 17 in Fighting
 26412 | D:14     | Found a gate to the Vaults.
 26794 | D:14     | Found a glowing golden altar of the Shining One.
 26839 | D:15     | Entered Level 15 of the Dungeon
 26983 | D:15     | Received a gift from Okawaru
 26994 | D:15     | Found a staircase to the Depths.
 27148 | D:15     | Reached skill level 1 in Axes
 27166 | D:15     | Reached skill level 10 in Armour
 27289 | D:15     | Reached XP level 16. HP: 96/141 MP: 16/25
 27785 | Depths:1 | Entered Level 1 of the Depths
 27816 | Depths:1 | Found a one-way gate to the infinite horrors of the Abyss.
 28027 | Depths:1 | Identified a scroll of acquirement
 28383 | Depths:1 | Found a gateway to Hell.
 28398 | Depths:1 | Received a gift from Okawaru
 28432 | Depths:1 | Reached skill level 5 in Axes
 28763 | Depths:1 | Received a gift from Okawaru
 28766 | Depths:1 | Got a polished chain mail {god gift}
 28774 | Depths:1 | Identified the +3 chain mail of the Evening Star {god gift, rC++ Dex+4} (Okawaru gifted it to you on level 1 of the Depths)
 29033 | Depths:1 | Noticed a tentacled monstrosity
 29036 | Depths:1 | Found a transporter.
 29036 | Depths:1 | Noticed a titan
 29040 | Depths:1 | Found a transporter.
 29500 | Depths:2 | Noticed a golden dragon
 29519 | Depths:2 | Killed a golden dragon
 29519 | Depths:2 | Received a gift from Okawaru
 29615 | Depths:2 | Gained mutation: Your flesh is cold resistant. (rC+) [demonic ancestry]
 29615 | Depths:2 | Reached XP level 17. HP: 133/148 MP: 16/26
 29681 | Depths:2 | Noticed a juggernaut
 29683 | Depths:2 | Noticed a tentacled monstrosity
 29691 | Depths:2 | Noticed a tentacled monstrosity
 29695 | Depths:2 | Killed a juggernaut
 29707 | Depths:2 | Killed a tentacled monstrosity
 29712 | Depths:2 | Killed a tentacled monstrosity
 29732 | Depths:2 | Got a twitching brass ring
 29875 | Depths:2 | Identified the ring "Kauxzaf" {rC+ rN+} (You found it on level 2 of the Depths)
 29930 | Depths:2 | Paralysed by an ogre mage for 2 turns
 30012 | Depths:2 | HP: 5/148 [something/vampiric draining (25)]
 30041 | Depths:2 | Found a one-way gate leading to the halls of Pandemonium.
 30041 | Depths:2 | Noticed an acid blob
 30044 | Depths:2 | Noticed an acid blob
 30151 | Depths:1 | Reached skill level 10 in Axes
 31038 | Depths:2 | Found Zauguir's Distillery.
 31107 | Depths:2 | Bought a potion of heal wounds for 55 gold pieces
 31107 | Depths:2 | Bought a potion of heal wounds for 55 gold pieces
 31107 | Depths:2 | Bought a potion of curing for 33 gold pieces
 31107 | Depths:2 | Bought a potion of curing for 33 gold pieces
 31107 | Depths:2 | Bought a potion of brilliance for 44 gold pieces
 31107 | Depths:2 | Bought 2 potions of curing for 66 gold pieces
 31107 | Depths:2 | Bought a potion of invisibility for 88 gold pieces
 31107 | Depths:2 | Bought a potion of cancellation for 88 gold pieces
 31107 | Depths:2 | Bought a potion of cancellation for 88 gold pieces
 31107 | Depths:2 | Bought a potion of might for 44 gold pieces
 31240 | Depths:2 | Received a gift from Okawaru
 31542 | Depths:2 | Reached skill level 18 in Fighting
 32312 | Depths:2 | Reached XP level 18. HP: 122/157 MP: 27/27
 32762 | Depths:3 | Gained mutation: You possess an exceptional clarity of mind. [a shining eye]
 32764 | Depths:3 | Received a gift from Okawaru
 33343 | Depths:3 | Reached skill level 15 in Armour
 33536 | Depths:3 | Noticed a caustic shrike
 33543 | Depths:3 | Killed a caustic shrike
 33543 | Depths:3 | Reached skill level 19 in Fighting
 33819 | Depths:3 | Noticed an ancient lich
 34137 | Depths:3 | Killed from afar by a lindwurm (glowing shapeshifter)

Skill      XL: |  1  2  3  4  5  6  7  8  9 10 11 12 13 14 15 16 17 18 |
---------------+-------------------------------------------------------+-----
Fighting       | 5 6 7 8 9 11 12 14 16 17 18 19 | 19.2
Dodging        | 3 4 5 6 7 8 9 11 13 14 15 | 15.8
Armour         | 2 3 4 6 7 8 9 10 12 14 15 | 15.5
Invocations    | 2 5 7 9 11 12 | 12.0
Axes           | 2 8 10 | 10.0
Crossbows      | |  1.7
Stealth        | |  1.0
Evocations     | |  2.0

Action                   |  1- 3 |  4- 6 |  7- 9 | 10-12 | 13-15 | 16-18 || total
-------------------------+-------+-------+-------+-------+-------+-------++-------
Melee: Falchion          |    20 |       |   261 |   416 |   814 |       ||  1511
       Headbutt          |     1 |    10 |    56 |   116 |   458 |   366 ||  1007
       Flail             |       |    54 |    37 |     7 |    24 |       ||   122
       Punch             |       |       |       |     4 |    15 |       ||    19
       Morningstar       |       |       |       |    18 |   151 |       ||   169
       Battleaxe         |       |       |       |       |   548 |  1038 ||  1586
 Fire: Hand crossbow     |    19 |    77 |    10 |    69 |    68 |       ||   243
       Blowgun           |       |       |       |     1 |    25 |       ||    26
Throw: Stone             |       |       |       |     4 |       |       ||     4
       Javelin           |       |       |       |       |     6 |       ||     6
Invok: Heroism           |       |       |     2 |    20 |    33 |    27 ||    82
       Finesse           |       |       |       |       |    11 |    13 ||    24
Evoke: Wand              |       |       |     1 |     7 |    22 |    15 ||    45
       Lamp of fire      |       |       |       |       |     2 |     2 ||     4
       Fan of gales      |       |       |       |       |       |     1 ||     1
  Use: Scroll            |       |     8 |     9 |    22 |    22 |    23 ||    84
       Potion            |       |       |     5 |    11 |    10 |    11 ||    37
 Stab: Sleeping          |     2 |       |     2 |     3 |     8 |     1 ||    16
       Distracted        |       |       |       |     1 |       |       ||     1
       Paralysed         |       |       |       |       |     2 |       ||     2
       Invisible         |       |       |       |       |       |     5 ||     5
  Eat: Chunk             |     1 |     6 |    13 |    19 |    40 |    12 ||    91
       Fruit             |       |       |     1 |     6 |     7 |     3 ||    17
       Royal jelly       |       |       |       |       |     1 |     5 ||     6
Armor: Robe              |     2 |     3 |       |       |       |       ||     5
       Ring mail         |       |    30 |   136 |       |   112 |       ||   278
       Troll leather arm |       |       |       |   178 |   518 |       ||   696
       Ice dragon scales |       |       |       |       |    38 |   565 ||   603
Dodge: Dodged            |    14 |    67 |   232 |   596 |  2452 |  1486 ||  4847
       Rpst.: Falchion   |     7 |       |    61 |   144 |   295 |       ||   507
